 Dungeon Crawl Stone Soup version bcrawl-1.23.3 (webtiles) character file.

Game seed: 13983741565830605656

892 Morbidden the Gusty (level 7, -2/55 HPs)
             Began as a Demigod Air Elementalist on June 3, 2020.
             Slain by a centaur (6 damage)
             ... on level 5 of the Dungeon.
             The game lasted 00:09:42 (4471 turns).

Morbidden the Gusty (Demigod Air Elementalist)      Turns: 4471, Time: 00:09:43

Health: -2/55      AC:  2    Str: 12    XL:     7   Next: 78%
Magic:  1/17       EV: 19    Int: 23    God:    Demigod [**....]
Gold:   220        SH:  0    Dex: 22    Spells: 9/15 levels left

rFire    . . .     SeeInvis .   (no weapon)
rCold    . . .     Gourm    .   (no shield)
rNeg     . . .     Faith    .   a - +0 robe
rPois    .         Spirit   .   (no helmet)
rElec    .         Reflect  .   (no cloak)
rCorr    .         Harm     .   (no gloves)
MR       .....                  (no boots)
Stlth    +++.......             (no amulet)
HPRegen  0.18/turn              x - +1 ring of evasion
MPRegen  0.15/turn              (no ring)

@: agile
A: high mp 1
a: Temporal Distortion, Growth


You were on level 5 of the Dungeon.
You worshipped Demigod.
Demigod was pleased with you.
You were not hungry.

You visited 1 branch of the dungeon, and saw 5 of its levels.

You collected 220 gold pieces.

Inventory:

Armour
 a - a +0 robe (worn)
Jewellery
 o - an uncursed ring of ice
 x - a +1 ring of evasion (left hand)
Wands
 k - a wand of random effects (10)
 v - a wand of scattershot (2)
Scrolls
 d - 2 scrolls of fear
 g - a scroll of amnesia {unknown}
 h - 2 scrolls of remove curse
 i - 2 scrolls of identify {unknown}
 j - a scroll of enchant weapon {unknown}
 q - a scroll of immolation {unknown}
 r - 6 scrolls of magic mapping {unknown}
 s - a scroll of fog {unknown}
Potions
 b - a potion of heal wounds {unknown}
 c - 2 potions of flight
 f - a potion of might {unknown}
 l - 2 potions of curing
 n - a potion of haste {unknown}
 p - a potion of agility
 t - a potion of mutation {unknown}
 u - a potion of brilliance {unknown}
Comestibles
 e - 10 rations {!d}
 w - 4 chunks of flesh


   Skills:
 * Level 2.2 Fighting
 + Level 2.2 Dodging
 + Level 2.2 Stealth
 + Level 0.8 Unarmed Combat
 * Level 4.9 Spellcasting
 + Level 2.9 Conjurations
 * Level 5.2 Air Magic


You had 9 spell levels left.
You knew the following spells:

 Your Spells              Type           Power        Failure   Level  Hunger
a - Shock                 Conj/Air       ###..        1%          1    None
b - Static Discharge      Air            ####....     3%          3    ##.....
c - Swiftness             Chrm/Air       ###.....     4%          2    None

Your spell library contained the following spells:

 Spells                   Type           Power        Failure   Level  Hunger
 Airstrike                Air            ####......   11%         4    ####...
 Lightning Bolt           Conj/Air       ###.......   45%         5    #####..


Dungeon Overview and Level Annotations

Branches:
Dungeon (5/12)
 Temple: D:4-7


Innate Abilities, Weirdness & Mutations

You have an increased reservoir of magic. (+10% MP)


Message History

The zap hits the scorpion.
The scorpion is lightly wounded.
The centaur hits you!
* * * LOW HITPOINT WARNING * * *
Unknown command.
Unknown command.
Unknown command.
Okay, then.
It was a potion of curing.
You feel better. The centaur misses you. The centaur closely misses you.
It was a potion of agility.
You feel agile all of a sudden. The centaur hits you!
* * * LOW HITPOINT WARNING * * *
No path to travel!
You feel better. The centaur hits you!
* * * LOW HITPOINT WARNING * * *
The centaur hits you.
You die...
Your divinity fades.

#### ##....# ##..#
#.#...### #...##
#.......# ##....#
#........ ##.....#
###....... ##.....##
#...#..... #.....##
###.#..... ##....##
#....... ###@...##
###...#.".
###.c##...###....###..
#...s.....##.......#..
##...###..###..#......
##.. #..##...#......
.... ##.......#.....
...#. #......<.#.....
..... #####..........
##.....#...


You could see a centaur and a scorpion.

Vanquished Creatures
  A water moccasin (D:5)
  An ice beast (D:4)
  A centaur (D:5)
  2 scorpions (D:4)
  A howler monkey (D:3)
  2 crimson imps (D:4)
  A centaur zombie (D:3)
  3 orc priests
  3 orc wizards
  A worker ant (D:4)
  3 gnolls (D:4)
  A howler monkey skeleton (D:4)
  6 adders
  An ooze (D:2)
  5 worms
  2 dart slugs
  2 leopard geckos
  8 orcs
  7 bats
  3 giant cockroaches
  4 goblins (D:1)
  8 hobgoblins
  3 jackals
  2 quokkas (D:4)
  A ball python (D:2)
  4 frilled lizards
  6 kobolds
  6 rats
88 creatures vanquished.

Notes
Turn   | Place    | Note
-------+----------+-------------------------------------------
     0 | D:1      | Morbidden the Demigod Air Elementalist began the quest for
                  | the Orb.
     0 | D:1      | Reached XP level 1. HP: 14/14 MP: 5/5
   202 | D:1      | Reached skill level 3 in Air Magic
   288 | D:1      | Reached XP level 2. HP: 20/20 MP: 2/7
   639 | D:1      | Reached skill level 1 in Conjurations
   844 | D:2      | Reached XP level 3. HP: 25/26 MP: 1/8
   849 | D:2      | Learned a level 3 spell: Static Discharge
   973 | D:2      | Found a bloodstained altar of Trog.
   983 | D:2      | Reached * piety under Demigod
  1116 | D:2      | Found a basalt altar of Yredelemnul.
  1586 | D:3      | Reached XP level 4. HP: 34/34 MP: 8/10
  1954 | D:3      | Reached skill level 1 in Fighting
  2138 | D:3      | Reached XP level 5. HP: 40/40 MP: 2/12
  2983 | D:4      | Reached skill level 4 in Air Magic
  3019 | D:4      | Reached XP level 6. HP: 25/48 MP: 0/13
  3128 | D:4      | Noticed an ice beast
  3133 | D:4      | Learned a level 2 spell: Swiftness
  3227 | D:4      | Killed an ice beast
  3367 | D:4      | Reached ** piety under Demigod
  3706 | D:4      | Found a hazy altar of Hepliaklqana.
  3707 | D:4      | Found a shadowy altar of Dithmenos.
  3707 | D:4      | Noticed a shadow
  3896 | D:4      | Reached XP level 7. HP: 23/55 MP: 1/16
  4209 | D:5      | Entered Level 5 of the Dungeon
  4348 | D:5      | Reached skill level 5 in Air Magic
  4471 | D:5      | Slain by a centaur

Skill      XL: |  1  2  3  4  5  6  7 |
---------------+----------------------+-----
Air Magic      | 3 4 5 |  5.2
Spellcasting   | 2 3 4 |  4.9
Dodging        | 2 |  2.2
Conjurations   | 1 2 |  2.9
Fighting       | 1 2 |  2.2
Stealth        | |  2.2
Unarmed Combat | |  0.8

Action                   |  1- 3 |  4- 6 |  7- 9 || total
-------------------------+-------+-------+-------++-------
Melee: Unarmed           |    12 |    13 |     2 ||    27
 Cast: Shock             |   103 |   139 |    36 ||   278
       Static Discharge  |       |    10 |    12 ||    22
       Swiftness         |       |     1 |       ||     1
  Use: Potion            |       |       |     3 ||     3
       Scroll            |       |       |     2 ||     2
  Eat: Chunk             |     3 |     4 |     3 ||    10
       Ration            |       |     1 |       ||     1
Armor: Robe              |     3 |     6 |     6 ||    15
Dodge: Dodged            |    22 |    46 |    18 ||    86
